 Dungeon Crawl Stone Soup version 0.20-a0-971-g5896763 (webtiles) character file.

80 AlphabetPasta the Magician (level 4, -1/25 HPs)
             Began as a Deep Elf Transmuter on Apr 8, 2017.
             Was an Initiate of Ru.
             Slain by an adder (3 damage)
             ... on level 3 of the Dungeon.
             The game lasted 00:13:39 (3424 turns).

AlphabetPasta the Magician (Deep Elf Transmuter)    Turns: 3424, Time: 00:13:40

Health: -1/25      AC:  2    Str:  8    XL:     4   Next: 18%
Magic:  6/11       EV: 13    Int: 23    God:    Ru [......]
Gold:   161        SH:  0    Dex: 15    Spells: 0/10 levels left

rFire    . . .     SeeInvis .     - Unarmed
rCold    . . .     Gourm    .   (no shield)
rNeg     . . .     Faith    .   b - +0 robe
rPois    .         Spirit   .   (no helmet)
rElec    .         Reflect  .   (no cloak)
rCorr    .         Harm     .   (no gloves)
MR       .....                  (boots currently unavailable)
Stlth    +.........             (no amulet)
Regen    0.1/turn               (no ring)
MPRegen  0.2/turn               (no ring)

@: brilliant, lethally poisoned (-1 -> -5), appendage
A: talons 3
a: End Transformation, Renounce Religion


You were on level 3 of the Dungeon.
You worshipped Ru.
Ru was noncommittal.
You were not hungry.
You had grown temporary talons.
You visited 1 branch of the dungeon, and saw 3 of its levels.

You collected 161 gold pieces.

Inventory:

Missiles
 a - 21 arrows
Armour
 b - a +0 robe (worn)
Jewellery
 l - an uncursed ring of protection from fire {unknown}
 m - an uncursed ring of poison resistance {unknown}
 q - an uncursed ring of protection from cold {unknown}
Scrolls
 e - a scroll of identify
 n - a scroll of amnesia {unknown}
 o - 2 scrolls of remove curse {unknown}
 p - a scroll of fog {unknown}
 r - a scroll of noise {unknown}
 u - a scroll of magic mapping {unknown}
Potions
 j - a potion of might {unknown}
 k - a potion of lignification
 t - a potion of agility {unknown}
Books
 c - a book of Changes

   Spells                             Type                      Level
   a - Beastly Appendage              Transmutation                1
   b - Sticks to Snakes               Transmutation                2
   c - Spider Form                    Transmutation/Poison         3
   d - Ice Form                       Ice/Transmutation            4
   e - Blade Hands                    Transmutation                5
Comestibles
 d - a bread ration
 h - a meat ration
 i - 2 royal jellies
 s - a chunk of flesh


   Skills:
 + Level 1.1 Fighting
 + Level 3.2 Dodging
 * Level 2.9 Unarmed Combat
 + Level 3.6 Spellcasting
 * Level 3.0 Transmutations
 + Level 0.7 Poison Magic


You couldn't memorise any spells.
You knew the following spells:

 Your Spells              Type           Power        Failure   Level  Hunger
a - Beastly Appendage     Tmut           ####..       1%          1    None
b - Sticks to Snakes      Tmut           ####....     1%          2    #......
c - Spider Form           Tmut/Pois      ####......   2%          3    ###....
d - Ice Form              Ice/Tmut       ####....     12%         4    ####...


Dungeon Overview and Level Annotations

Branches:
Dungeon (3/15)

Altars:
Dithmenos
Elyvilon
Hepliaklqana
Kikubaaqudgha
Nemelex Xobeh
Ru
Sif Muna
Vehumet
Zin


Innate Abilities, Weirdness & Mutations

You have claws for feet.


Message History

Your ball python dies!
The adder closely misses you. The kobold closely misses you.
The adder bites you but does no damage. The kobold hits you but does no damage.
A goblin comes into view. It is wielding a club.
The adder bites you.
You barely miss the adder. Your kick misses the adder. The adder bites you.
* * * LOW HITPOINT WARNING * * *
Casting: Beastly Appendage
Confirm with . or Enter, or press ? or * to list all spells.
You extend your transformation's duration.
The adder bites you.
* * * LOW HITPOINT WARNING * * *
You are lethally poisoned!
The adder poisons you!
It was a potion of brilliance.
You feel clever all of a sudden.
* * * LOW HITPOINT WARNING * * *
You feel sick. The adder bites you.
You die...

.###. ..# .....
...# ..K.. ...#
.S..#+### ...#
.......####...#
####g...#......#
#K.o($..'<..# .
#S#..g..#...####..
#@#(#'###o.......%
#+### #...........
#...........
..$...........
..###.b.#....! #.>
........... ..
#####.......
#....... #. .....


You could see an adder and a kobold.

Vanquished Creatures
  3 adders (D:2)
  2 worms (D:2)
  5 leopard geckos
  3 bats
  3 giant cockroaches
  6 hobgoblins
  2 kobolds
  A quokka (D:2)
  3 frilled lizards
  6 goblins
  4 rats
38 creatures vanquished.

Vanquished Creatures (collateral kills)
  A worm (D:2)
  A hobgoblin (D:2)
2 creatures vanquished.

Grand Total: 40 creatures vanquished

Notes
Turn   | Place    | Note
-------+----------+-------------------------------------------
     0 | D:1      | AlphabetPasta the Deep Elf Transmuter began the quest for the Orb.
     0 | D:1      | Reached XP level 1. HP: 11/11 MP: 6/6
   346 | D:1      | Reached XP level 2. HP: 16/16 MP: 6/8
   353 | D:1      | Learned a level 2 spell: Sticks to Snakes
   483 | D:1      | Reached skill level 1 in Fighting
   862 | D:1      | You fall through a shaft!
  1249 | D:2      | Reached XP level 3. HP: 19/20 MP: 6/9
  1297 | D:2      | Learned a level 3 spell: Spider Form
  1420 | D:2      | Found a shadowy altar of Dithmenos.
  1423 | D:2      | Found a sacrificial altar of Ru.
  1427 | D:2      | Found a white marble altar of Elyvilon.
  1427 | D:2      | Found a glowing silver altar of Zin.
  1428 | D:2      | Found a sparkling altar of Nemelex Xobeh.
  1429 | D:2      | Found a hazy altar of Hepliaklqana.
  1825 | D:2      | Found a radiant altar of Vehumet.
  1829 | D:2      | Found an ancient bone altar of Kikubaaqudgha.
  1830 | D:2      | Found a deep blue altar of Sif Muna.
  1835 | D:2      | Identified Kikubaaqudgha's Tome of Evil
  1881 | D:2      | Became a worshipper of Ru the Awakened
  2980 | D:2      | Reached XP level 4. HP: 8/25 MP: 11/11
  2986 | D:2      | Learned a level 4 spell: Ice Form
  3424 | D:3      | Slain by an adder

Vault maps used:
D:1:      arrival_zaba_pyramid
D:2:      grunt_temple_overflow_magic_moments, grunt_temple_overflow_open,
          minivault_25
D:3:      first_bread

Skill      XL: |  1  2  3 |
---------------+----------+-----
Fighting       | 1 |  1.1
Dodging        | 3 |  3.2
Transmutations | 3 |  3.0
Unarmed Combat | |  2.9
Spellcasting   | |  3.6
Poison Magic   | |  0.7

Action                   |  1- 3 |  4- 6 || total
-------------------------+-------+-------++-------
Melee: Unarmed           |   163 |     6 ||   169
       Headbutt          |    11 |     1 ||    12
       Kick              |    13 |       ||    13
       Punch             |     1 |       ||     1
 Cast: Beastly Appendage |    35 |     3 ||    38
       Sticks to Snakes  |     6 |     2 ||     8
  Use: Potion            |     1 |     2 ||     3
       Scroll            |       |     1 ||     1
  Eat: Chunk             |     7 |     1 ||     8
Armor: Robe              |    28 |     3 ||    31
Dodge: Dodged            |   104 |    11 ||   115
